[Event "EYCC Open-U12 2019"]
[Site "Bratislava"]
[Date "2019.08.10"]
[Round "9.30"]
[White "Bialiauski, Artsiom"]
[Black "Milanovic, Marko"]
[Result "1-0"]
[ECO "D02"]
[WhiteElo "1784"]
[BlackElo "1814"]
[Annotator "NA RC"]
[PlyCount "91"]
[EventDate "2019.08.02"]
[EventType "swiss"]
[EventCountry "SVK"]
[SourceTitle "playchess.com"]
[Source "ChessBase"]
[SourceQuality "1"]
[TimeControl "40/5400+30:1800+30"]

1. d4 d5 2. Nf3 Nf6 3. Bf4 c5 4. c3 Nc6 5. e3 Qb6 6. Qb3 c4 7. Qc2 Bf5 8. Qc1 h6 9. Nbd2 e6 10. h3 Qa5 11. Be2 b5 12. b4 Nxb4 13. cxb4 Bxb4 14. O-O Bc3 15. Bc7 Qb4 16. a3 Qb2 17. Qxb2 Bxb2 18. Ra2 Bc3 19. Rc1 Kd7 20. Bf4 Ba5 21. Ne5+ Ke8 22. Nc6 Bb6 23. a4 bxa4 24. Rxa4 Kd7 25. Ne5+ Ke7 26. Nc6+ Kd7 27. Ne5+ Ke7 28. Nc6+ Kd7 29. Ne5+ Ke7 30. Nb1 Rhc8 31. Nc3 Ne8 32. Bf3 f6 33. Nxc4 dxc4 34. Bxa8 Rxa8 35. Rxc4 Nd6 36. Rc6 Nf7 37. Na4 Ba5 38. Ra6 Bd8 39. Bc7 Bd3 40. Bxd8+ Kxd8 41. Rxe6 Bb5 42. Nc5 Ng5 43. Nb7+ Kd7 44. Rd6+ Ke8 45. Rc7 a5 46. Rc5 1-0

[Event "EYCC Open-U12 2019"]
[Site "Bratislava"]
[Date "2019.08.10"]
[Round "9.31"]
[White "Costa, Leonardo"]
[Black "Franc, Borna"]
[Result "1-0"]
[ECO "C50"]
[WhiteElo "2002"]
[BlackElo "1826"]
[Annotator "NA RC"]
[PlyCount "91"]
[EventDate "2019.08.02"]
[EventType "swiss"]
[EventCountry "SVK"]
[SourceTitle "playchess.com"]
[Source "ChessBase"]
[SourceQuality "1"]
[TimeControl "40/5400+30:1800+30"]

1. e4 e5 2. Nf3 Nc6 3. Bc4 Bc5 4. d3 Nf6 5. O-O d6 6. c3 Bg4 7. Nbd2 Qd7 8. b4 Bb6 9. Re1 h6 10. Nf1 O-O-O 11. Bb5 d5 12. Qe2 dxe4 13. dxe4 Bxf3 14. Qxf3 Qg4 15. Ng3 Qxf3 16. gxf3 Rd7 17. Nf5 Rhd8 18. Kf1 Nh5 19. Ke2 Nf4+ 20. Bxf4 exf4 21. Rad1 Rxd1 22. Rxd1 Rxd1 23. Kxd1 Bxf2 24. Bxc6 bxc6 25. Nxg7 Bg1 26. h3 Bf2 27. Nf5 h5 28. Ke2 Bb6 29. Ng7 h4 30. Nf5 c5 31. Nxh4 Kd7 32. Ng2 cxb4 33. cxb4 c5 34. bxc5 Bxc5 35. Nxf4 Kd6 36. Nd3 Bd4 37. f4 f6 38. Kf3 Ke6 39. Kg4 Bb6 40. h4 Bc7 41. Nc5+ Kd6 42. Nb3 Bb6 43. Kf5 Ke7 44. Kg6 Be3 45. f5 Kd6 46. Kxf6 1-0

[Event "EYCC Open-U12 2019"]
[Site "Bratislava"]
[Date "2019.08.10"]
[Round "9.32"]
[White "Gregoric, Andraz"]
[Black "Eliseev, Sergey"]
[Result "0-1"]
[ECO "B53"]
[WhiteElo "1911"]
[BlackElo "2053"]
[Annotator "NA RC"]
[PlyCount "158"]
[EventDate "2019.08.02"]
[EventType "swiss"]
[EventCountry "SVK"]
[SourceTitle "playchess.com"]
[Source "ChessBase"]
[SourceQuality "1"]
[TimeControl "40/5400+30:1800+30"]

1. e4 c5 2. Nf3 d6 3. d4 cxd4 4. Qxd4 a6 5. h3 Nc6 6. Qd3 g6 7. c4 Bg7 8. Nc3 Nf6 9. Be3 Qa5 10. Qd2 O-O 11. Be2 Nd7 12. O-O Nc5 13. Qc2 f5 14. exf5 Bxf5 15. Qd2 Kh8 16. Nd4 Ne4 17. Nxc6 Qxc3 18. bxc3 Nxd2 19. Bxd2 bxc6 20. g4 Bd7 21. Kg2 c5 22. Bf3 Rab8 23. Rab1 Ba4 24. Rfe1 e5 25. Be4 Bf6 26. g5 Be7 27. f3 Bd7 28. Kg3 Be6 29. Bd5 Bf5 30. Be4 Kg7 31. h4 Kg8 32. Bd5+ Kh8 33. Be4 Kg7 34. Be3 Rfc8 35. Bd2 Kf7 36. Rb3 Be6 37. Reb1 Rxb3 38. axb3 a5 39. Kf2 Rb8 40. Ke3 Bd8 41. Bc1 Bf5 42. Rb2 Kg7 43. Kf2 Bc7 44. Bc6 Be6 45. Be4 Bd7 46. Bd5 Kf8 47. Be4 Be6 48. Bc6 Ke7 49. Ke2 Rxb3 50. Kd3 Rxb2 51. Bxb2 Kf7 52. Bc1 Bd8 53. Bd5 Ke7 54. Bc6 Bb6 55. Bd2 Kd8 56. Bc1 Kc7 57. Be4 Ba7 58. Bb2 Kb6 59. Bc1 Bf7 60. h5 Bb8 61. h6 Bc7 62. Bd5 Bxd5 63. cxd5 Kb5 64. Bd2 c4+ 65. Ke4 a4 66. Bc1 Bb6 67. f4 exf4 68. Kxf4 Bc5 69. Kf3 a3 70. Ke2 Ka4 71. Kd2 Kb3 72. Bxa3 Bxa3 73. Ke3 Kxc3 74. Ke4 Kd2 75. Kd4 c3 76. Ke4 c2 77. Kd4 c1=Q 78. Ke4 Qf1 79. Kd4 Qf4# 0-1

[Event "EYCC Open-U12 2019"]
[Site "Bratislava"]
[Date "2019.08.10"]
[Round "9.33"]
[White "Georgiev, Konstantin"]
[Black "Krawczyk, Flawian"]
[Result "0-1"]
[ECO "A05"]
[WhiteElo "1919"]
[BlackElo "1848"]
[Annotator "NA RC"]
[PlyCount "62"]
[EventDate "2019.08.02"]
[EventType "swiss"]
[EventCountry "SVK"]
[SourceTitle "playchess.com"]
[Source "ChessBase"]
[SourceQuality "1"]
[TimeControl "40/5400+30:1800+30"]

1. Nf3 Nf6 2. g3 g6 3. b4 Bg7 4. Bb2 d6 5. Bg2 a6 6. O-O O-O 7. d3 e5 8. Nbd2 Nc6 9. a3 Nh5 10. c4 f5 11. b5 axb5 12. cxb5 Na5 13. Qc2 Be6 14. Rfd1 g5 15. Nc4 Nxc4 16. dxc4 Qe7 17. Nd2 Rab8 18. a4 b6 19. a5 bxa5 20. Nb3 Qf7 21. Nxa5 f4 22. e3 f3 23. Bf1 Nf6 24. Nc6 Qh5 25. e4 Ng4 26. h3 Ne3 27. fxe3 f2+ 28. Kh2 Bxh3 29. Bxh3 g4 30. Ne7+ Kh8 31. Qxf2 Rxf2+ 0-1

[Event "EYCC Open-U12 2019"]
[Site "Bratislava"]
[Date "2019.08.10"]
[Round "9.36"]
[White "Gschiel, Alexander"]
[Black "Mekhane, Adam"]
[Result "1/2-1/2"]
[ECO "E91"]
[WhiteElo "1768"]
[BlackElo "2040"]
[Annotator "NA RC"]
[PlyCount "192"]
[EventDate "2019.08.02"]
[EventType "swiss"]
[EventCountry "SVK"]
[SourceTitle "playchess.com"]
[Source "ChessBase"]
[SourceQuality "1"]
[TimeControl "40/5400+30:1800+30"]

1. d4 Nf6 2. c4 g6 3. Nc3 Bg7 4. Nf3 O-O 5. e4 d6 6. Be2 Na6 7. O-O e5 8. dxe5 dxe5 9. Qxd8 Rxd8 10. Bg5 Re8 11. Rfd1 c6 12. Nxe5 Rxe5 13. Rd8+ Ne8 14. f4 Re6 15. Bg4 Nac7 16. Bxe6 Bxe6 17. Rad1 f6 18. Bh4 Rxd8 19. Rxd8 Bxc4 20. Bf2 b6 21. a4 Kf8 22. a5 Ke7 23. Rb8 bxa5 24. Bxa7 Nd6 25. Bc5 Kd7 26. b3 Bf7 27. Bxd6 Kxd6 28. Kf2 g5 29. f5 Be8 30. Ke3 Bf8 31. Ne2 Ke5 32. Rb7 Bc5+ 33. Kd3 Kd6 34. Nc3 Nb5 35. Rxh7 Nxc3 36. Kxc3 Bb4+ 37. Kd3 c5 38. g3 Bb5+ 39. Ke3 c4 40. bxc4 Bxc4 41. h4 gxh4 42. Kd4 Ba6 43. gxh4 a4 44. Rf7 Bc5+ 45. Kc3 Ke5 46. h5 a3 47. Rc7 Bf8 48. Ra7 Be2 49. Ra8 Bh6 50. Rh8 Bc1 51. h6 a2 52. Re8+ Kd6 53. Ra8 Bxh6 54. Rxa2 Bb5 55. Kd4 Bf4 56. Rc2 Be5+ 57. Ke3 Bc6 58. Rc1 Kc7 59. Rb1 Ba4 60. Rb4 Be8 61. Rc4+ Kb6 62. Rc2 Kb5 63. Rc1 Kb4 64. Rc8 Bb5 65. Rc1 Bc4 66. Rb1+ Bb3 67. Kd3 Ka3 68. Rc1 Kb2 69. Rc5 Ba2 70. Rc6 Bb1+ 71. Ke3 Bc2 72. Rc5 Ba4 73. Kd3 Bb3 74. Rc6 Ba4 75. Rc5 Kb3 76. Rd5 Kb4 77. Rd4+ Kb5 78. Rd5+ Kb4 79. Rd4+ Kb3 80. Rd5 Kb4 81. Rd4+ Kb5 82. Rd5+ Kc6 83. Rd8 Bb5+ 84. Ke3 Kc5 85. Rc8+ Kb4 86. Rc1 Bc4 87. Rb1+ Kc3 88. Rc1+ Kb3 89. Rd1 Kc2 90. Rd7 Bb8 91. Rd2+ Kc3 92. Rd7 Bh2 93. Rd8 Bg1+ 94. Kf3 Bd4 95. Re8 Kd3 96. Kf4 Be3+ {[%emt 0:00:51] Ke5} 1/2-1/2

[Event "EYCC Open-U12 2019"]
[Site "Bratislava"]
[Date "2019.08.10"]
[Round "9.37"]
[White "Cherneyko, Ivan"]
[Black "Cohen, Elad"]
[Result "1/2-1/2"]
[ECO "E03"]
[WhiteElo "1743"]
[BlackElo "2002"]
[Annotator "NA RC"]
[PlyCount "89"]
[EventDate "2019.08.02"]
[EventType "swiss"]
[EventCountry "SVK"]
[SourceTitle "playchess.com"]
[Source "ChessBase"]
[SourceQuality "1"]
[TimeControl "40/5400+30:1800+30"]

1. d4 Nf6 2. c4 e6 3. g3 d5 4. Bg2 dxc4 5. Qa4+ Nbd7 6. Qxc4 a6 7. Qc2 c5 8. Nf3 cxd4 9. Nxd4 Bc5 10. Nb3 Bb4+ 11. Bd2 Bxd2+ 12. N1xd2 O-O 13. O-O Rb8 14. Rfd1 b6 15. Ne4 Bb7 16. Nd6 Bxg2 17. Kxg2 Qe7 18. e4 Nc5 19. Nxc5 bxc5 20. b3 Qc7 21. Qe2 a5 22. Rd2 Rfd8 23. Rad1 h6 24. Qa6 Qb6 25. Qc4 Qb4 26. e5 Nd5 27. Rc2 Qxc4 28. bxc4 Nb4 29. Rcd2 Nc6 30. f4 Rb4 31. Kf2 f6 32. exf6 gxf6 33. Ne4 Rxd2+ 34. Rxd2 Rxc4 35. Nxf6+ Kg7 36. Ne8+ Kf8 37. Nc7 Ke7 38. Nb5 e5 39. fxe5 Nxe5 40. Re2 Ke6 41. Nc7+ Kd6 42. Ne8+ Kd5 43. Nc7+ Kd6 44. Ne8+ Kd5 45. Nc7+ {[%emt 0:00:17] Ke6} 1/2-1/2

[Event "EYCC Open-U12 2019"]
[Site "Bratislava"]
[Date "2019.08.10"]
[Round "9.38"]
[White "Culum, Sanjin"]
[Black "Fizer, Marek"]
[Result "1-0"]
[ECO "B90"]
[WhiteElo "1912"]
[BlackElo "1624"]
[Annotator "NA RC"]
[PlyCount "119"]
[EventDate "2019.08.02"]
[EventType "swiss"]
[EventCountry "SVK"]
[SourceTitle "playchess.com"]
[Source "ChessBase"]
[SourceQuality "1"]
[TimeControl "40/5400+30:1800+30"]

1. e4 c5 2. Nf3 d6 3. d4 cxd4 4. Nxd4 Nf6 5. Nc3 a6 6. h3 e5 7. Nde2 Be6 8. g4 Be7 9. Bg2 Nc6 10. Be3 Rc8 11. Ng3 b5 12. O-O O-O 13. Nd5 Bxd5 14. exd5 Na5 15. b3 Qc7 16. g5 Nd7 17. Be4 g6 18. Qg4 f5 19. Bxf5 gxf5 20. Nxf5 Rce8 21. g6 Rxf5 22. gxh7+ Kh8 23. Qxf5 Nf6 24. Qg6 Bd8 25. Bg5 Qg7 26. Bxf6 Bxf6 27. Qxg7+ Kxg7 28. a4 b4 29. Rae1 Nb7 30. Re2 a5 31. Rfe1 Nc5 32. f3 Kxh7 33. Rg2 Rg8 34. Rxg8 Kxg8 35. Kh2 Nd7 36. Kg3 Nb6 37. Rd1 Kf7 38. Kg4 Kg6 39. h4 Bg7 40. h5+ Kf6 41. f4 Bh6 42. fxe5+ Kxe5 43. Re1+ Kxd5 44. Kf5 Bg7 45. Kg6 Bb2 46. h6 Kc5 47. h7 d5 48. Re7 Ba1 49. Rg7 Bxg7 50. Kxg7 Kd4 51. h8=Q Kc3 52. Qh2 Nc4 53. Qe2 Na3 54. Qd3+ Kb2 55. Qxd5 Kxc2 56. Kf6 Nb1 57. Qxa5 Kxb3 58. Qd5+ Kxa4 59. Qd1+ Ka3 60. Qxb1 1-0

[Event "EYCC Open-U12 2019"]
[Site "Bratislava"]
[Date "2019.08.10"]
[Round "9.39"]
[White "Paseka, Matyas"]
[Black "Ivanov, Svetlen"]
[Result "1-0"]
[ECO "B40"]
[WhiteElo "1917"]
[BlackElo "1717"]
[Annotator "NA RC"]
[PlyCount "51"]
[EventDate "2019.08.02"]
[EventType "swiss"]
[EventCountry "SVK"]
[SourceTitle "playchess.com"]
[Source "ChessBase"]
[SourceQuality "1"]
[TimeControl "40/5400+30:1800+30"]

1. e4 c5 2. Nf3 e6 3. d4 cxd4 4. Nxd4 Nf6 5. Nc3 Nc6 6. Ndb5 Bc5 7. Bf4 O-O 8. Bc7 Qe7 9. Bd6 Bxd6 10. Qxd6 Qd8 11. O-O-O a6 12. Nd4 Qa5 13. Nb3 Qb6 14. f3 Qe3+ 15. Kb1 b5 16. Bd3 Bb7 17. Rde1 Qb6 18. e5 Ne8 19. Bxh7+ Kxh7 20. Qxf8 f5 21. Qf7 a5 22. Ne4 Qd8 23. Qh5+ Kg8 24. Ng5 Nf6 25. Qf7+ Kh8 26. exf6 1-0

[Event "EYCC Open-U12 2019"]
[Site "Bratislava"]
[Date "2019.08.10"]
[Round "9.40"]
[White "Janeczko, Jakub"]
[Black "Codreanu, Marius"]
[Result "1/2-1/2"]
[ECO "B16"]
[WhiteElo "1663"]
[BlackElo "1834"]
[Annotator "NA RC"]
[PlyCount "48"]
[EventDate "2019.08.02"]
[EventType "swiss"]
[EventCountry "SVK"]
[SourceTitle "playchess.com"]
[Source "ChessBase"]
[SourceQuality "1"]
[TimeControl "40/5400+30:1800+30"]

1. e4 c6 2. d4 d5 3. Nc3 dxe4 4. Nxe4 Nf6 5. Nxf6+ gxf6 6. Nf3 Bf5 7. Bd3 e6 8. Bf4 Bg6 9. Qd2 Nd7 10. O-O-O Qb6 11. Rhe1 O-O-O 12. Qe2 Bg7 13. Bxg6 hxg6 14. Rd3 Qb5 15. a4 Qd5 16. Ra3 Nb6 17. a5 Nc4 18. Ra4 Nd6 19. Bxd6 Rxd6 20. a6 b6 21. Kb1 Qf5 22. Nd2 Qb5 23. Ne4 Rd7 24. Rc4 Kd8 1/2-1/2

[Event "EYCC Open-U12 2019"]
[Site "Bratislava"]
[Date "2019.08.10"]
[Round "9.41"]
[White "Venkatesan, Kavin"]
[Black "Werner, Hong Quan Dan"]
[Result "1-0"]
[ECO "E61"]
[WhiteElo "1797"]
[BlackElo "1734"]
[Annotator "NA RC"]
[PlyCount "45"]
[EventDate "2019.08.02"]
[EventType "swiss"]
[EventCountry "SVK"]
[SourceTitle "playchess.com"]
[Source "ChessBase"]
[SourceQuality "1"]
[TimeControl "40/5400+30:1800+30"]

1. d4 Nf6 2. c4 g6 3. Nc3 Bg7 4. Nf3 d6 5. Bg5 O-O 6. e3 h6 7. Bh4 g5 8. Bg3 c5 9. Be2 cxd4 10. exd4 Nh5 11. Qd3 f5 12. Nd2 Nf6 13. f4 g4 14. O-O-O Nh5 15. h3 Nxg3 16. Qxg3 Rf6 17. hxg4 fxg4 18. Nd5 Rf8 19. Bxg4 Bxg4 20. Qxg4 Kh8 21. Qe6 Rf6 22. Nxf6 exf6 23. Ne4 1-0

[Event "EYCC Open-U12 2019"]
[Site "Bratislava"]
[Date "2019.08.10"]
[Round "9.42"]
[White "Herwy, Jakub"]
[Black "Zlatkov, Anton"]
[Result "1-0"]
[ECO "B50"]
[WhiteElo "1685"]
[BlackElo "1782"]
[Annotator "NA RC"]
[PlyCount "57"]
[EventDate "2019.08.02"]
[EventType "swiss"]
[EventCountry "SVK"]
[SourceTitle "playchess.com"]
[Source "ChessBase"]
[SourceQuality "1"]
[TimeControl "40/5400+30:1800+30"]

1. e4 c5 2. Nf3 d6 3. c3 Nf6 4. Bd3 Bg4 5. O-O Nc6 6. h3 Bh5 7. Bc2 e5 8. d3 Be7 9. Nbd2 O-O 10. Re1 d5 11. Qe2 Re8 12. Nf1 dxe4 13. dxe4 Qc7 14. g4 Bg6 15. Ng3 Nd8 16. Ba4 Rf8 17. Bb3 a6 18. a4 Rc8 19. Bc4 Nc6 20. Bg5 Ne8 21. Bxe7 Qxe7 22. Nf5 Qc7 23. Bd5 Ne7 24. Rad1 Nxd5 25. Rxd5 Bxf5 26. exf5 f6 27. Red1 Rf7 28. Qc4 Qc6 29. Rd7 1-0

[Event "EYCC Open-U12 2019"]
[Site "Bratislava"]
[Date "2019.08.10"]
[Round "9.43"]
[White "Lye, Sverre"]
[Black "Snitsarenko, Igor"]
[Result "1/2-1/2"]
[ECO "B51"]
[WhiteElo "1839"]
[BlackElo "1481"]
[Annotator "NA RC"]
[PlyCount "85"]
[EventDate "2019.08.02"]
[EventType "swiss"]
[EventCountry "SVK"]
[SourceTitle "playchess.com"]
[Source "ChessBase"]
[SourceQuality "1"]
[TimeControl "40/5400+30:1800+30"]

1. e4 c5 2. Nf3 d6 3. Bb5+ Nd7 4. d4 cxd4 5. Qxd4 a6 6. Bxd7+ Qxd7 7. O-O Qc6 8. Nc3 e5 9. Qd1 h6 10. Nd5 Be6 11. Re1 Rc8 12. c3 Ne7 13. Nb4 Qd7 14. Be3 Ng6 15. Nd5 Bxd5 16. Qxd5 Be7 17. Rad1 Qe6 18. Qxb7 O-O 19. Qd5 Rb8 20. b3 Rfc8 21. c4 Nf8 22. Qa5 Ra8 23. Nd2 Nd7 24. Nf1 Kh7 25. Ng3 g6 26. Qd2 h5 27. Ne2 f5 28. exf5 gxf5 29. Bg5 Nf6 30. Nf4 Qf7 31. Qe2 Ne4 32. Bxe7 exf4 33. Bxd6 Re8 34. Qf1 f3 35. g3 Re6 36. Bb4 a5 37. Bd2 a4 38. Re3 axb3 39. axb3 Ra2 40. Be1 Qg6 41. Rxf3 Qg4 42. Qd3 Rd6 43. Qb1 1/2-1/2

[Event "EYCC Open-U12 2019"]
[Site "Bratislava"]
[Date "2019.08.10"]
[Round "9.44"]
[White "Janous, Marek"]
[Black "Kolani, Arjun"]
[Result "1/2-1/2"]
[ECO "C54"]
[WhiteElo "1717"]
[BlackElo "1699"]
[Annotator "NA RC"]
[PlyCount "70"]
[EventDate "2019.08.02"]
[EventType "swiss"]
[EventCountry "SVK"]
[SourceTitle "playchess.com"]
[Source "ChessBase"]
[SourceQuality "1"]
[TimeControl "40/5400+30:1800+30"]

1. e4 e5 2. Nf3 Nc6 3. d4 exd4 4. Bc4 Bc5 5. c3 Nf6 6. cxd4 Bb4+ 7. Nc3 Nxe4 8. O-O Bxc3 9. d5 Bf6 10. Re1 Ne7 11. Rxe4 d6 12. Qe2 O-O 13. Bf4 Ng6 14. Bg3 Bf5 15. Re3 Re8 16. Rd1 Bg4 17. b3 Rxe3 18. Qxe3 Qe8 19. Qd3 a6 20. Re1 Qd7 21. Qe3 Bxf3 22. Qxf3 Re8 23. Rxe8+ Qxe8 24. h3 Be5 25. Qe3 Kf8 26. Qa7 Bxg3 27. fxg3 Qc8 28. a4 Ne5 29. Bf1 c6 30. dxc6 Qxc6 31. b4 Ke7 32. Kh2 f6 33. b5 axb5 34. Bxb5 Qd5 35. Ba6 Nf3+ {Bb5 Ne5} 1/2-1/2

[Event "EYCC Open-U12 2019"]
[Site "Bratislava"]
[Date "2019.08.10"]
[Round "9.45"]
[White "Wahlgreen, Noah"]
[Black "Ryabukhin, Roman"]
[Result "0-1"]
[ECO "B13"]
[WhiteElo "1743"]
[BlackElo "1445"]
[Annotator "NA RC"]
[PlyCount "58"]
[EventDate "2019.08.02"]
[EventType "swiss"]
[EventCountry "SVK"]
[SourceTitle "playchess.com"]
[Source "ChessBase"]
[SourceQuality "1"]
[TimeControl "40/5400+30:1800+30"]

1. e4 c6 2. d4 d5 3. exd5 cxd5 4. Bd3 Nc6 5. c3 Nf6 6. h3 e5 7. dxe5 Nxe5 8. Be2 Bc5 9. Nf3 Ng6 10. O-O O-O 11. Bg5 Be6 12. Nh4 h6 13. Nxg6 fxg6 14. Be3 Bxe3 15. fxe3 Qb6 16. Qc1 Bf5 17. Bf3 Rfe8 18. Re1 Be4 19. Nd2 Re5 20. Nxe4 Nxe4 21. Qc2 Ng5 22. Qd2 Nxf3+ 23. gxf3 Rae8 24. Kf2 Rxe3 25. Qxd5+ Kh7 26. Qb3 Re2+ 27. Kg3 Qf2+ 28. Kg4 h5+ 29. Kf4 Qh4# 0-1

[Event "EYCC Open-U12 2019"]
[Site "Bratislava"]
[Date "2019.08.10"]
[Round "9.46"]
[White "Aasen, Joakim"]
[Black "Kokk, Karl Mattias"]
[Result "1-0"]
[ECO "E76"]
[WhiteElo "1718"]
[BlackElo "1406"]
[Annotator "NA RC"]
[PlyCount "111"]
[EventDate "2019.08.02"]
[EventType "swiss"]
[EventCountry "SVK"]
[SourceTitle "playchess.com"]
[Source "ChessBase"]
[SourceQuality "1"]
[TimeControl "40/5400+30:1800+30"]

1. d4 Nf6 2. c4 g6 3. Nc3 Bg7 4. e4 d6 5. f4 e5 6. dxe5 dxe5 7. Qxd8+ Kxd8 8. fxe5 Ng4 9. Bg5+ Kd7 10. O-O-O+ Ke6 11. Nd5 Bxe5 12. Nf3 Nf2 13. Nxe5 Nxd1 14. Kxd1 c6 15. Nc7+ Kxe5 16. Nxa8 Na6 17. b4 Bg4+ 18. Be2 Bxe2+ 19. Kxe2 Rxa8 20. a3 Kxe4 21. Rd1 Kf5 22. h4 Re8+ 23. Kf3 f6 24. g4+ Ke6 25. Re1+ Kf7 26. Rxe8 Kxe8 27. Bxf6 Nc7 28. Ke4 Kf7 29. Bd4 b6 30. c5 b5 31. Ke5 Ne6 32. Bf2 Ke7 33. Be3 h5 34. gxh5 gxh5 35. Kf5 Kf7 36. Bd2 Nd4+ 37. Ke4 Ne6 38. Ke5 Ke7 39. Bc3 Ng7 40. Kf4 Ne6+ 41. Kf5 Kf7 42. Bb2 Nf8 43. Kg5 Ne6+ 44. Kxh5 a6 45. Kg4 Ke7 46. Kf5 Nf8 47. h5 Nh7 48. h6 Kf7 49. Bg7 Ke7 50. Kg6 Nf8+ 51. Bxf8+ Kxf8 52. h7 Ke7 53. h8=Q Ke6 54. Qe8+ Kd5 55. Kf5 a5 56. Qe4# 1-0

[Event "EYCC Open-U12 2019"]
[Site "Bratislava"]
[Date "2019.08.10"]
[Round "9.47"]
[White "Foerster-Yialamas, Lucas"]
[Black "Farmakoski, Georg"]
[Result "1-0"]
[ECO "C10"]
[WhiteElo "2028"]
[BlackElo "1355"]
[Annotator "NA RC"]
[PlyCount "107"]
[EventDate "2019.08.02"]
[EventType "swiss"]
[EventCountry "SVK"]
[SourceTitle "playchess.com"]
[Source "ChessBase"]
[SourceQuality "1"]
[TimeControl "40/5400+30:1800+30"]

1. e4 e6 2. d4 d5 3. Nc3 dxe4 4. Nxe4 Bd7 5. Nf3 Bc6 6. Bd3 Nd7 7. O-O Ngf6 8. Qe2 Be7 9. c4 O-O 10. a3 Nxe4 11. Bxe4 Bxe4 12. Qxe4 c6 13. b3 Nf6 14. Qe2 Qb6 15. Bf4 Qd8 16. Rfd1 Bd6 17. Be5 Ne8 18. h3 Qe7 19. c5 Bxe5 20. Nxe5 Nf6 21. Nc4 Rfd8 22. Qe5 Nd7 23. Qc7 Rab8 24. Nd6 Kf8 25. Qa5 a6 26. Qc3 Nf6 27. b4 Ne8 28. Nc4 Nf6 29. Qc2 Kg8 30. Rd3 h6 31. Rad1 Nd5 32. Nd6 Nc7 33. Nc4 Nd5 34. Rf3 Nf6 35. Rdd3 Rd5 36. Nd6 Rf8 37. Qd2 Ne8 38. Ne4 Kh7 39. Rde3 Qd7 40. Rd3 Rf5 41. Rxf5 exf5 42. Nc3 Nf6 43. d5 cxd5 44. Nxd5 Nxd5 45. Rxd5 Qc8 46. Qd3 g6 47. Rd7 Kg7 48. Qd5 b6 49. c6 a5 50. b5 Qe8 51. Qd4+ Kh7 52. c7 Qe1+ 53. Kh2 Qe8 54. Kg1 1-0

[Event "EYCC Open-U12 2019"]
[Site "Bratislava"]
[Date "2019.08.10"]
[Round "9.48"]
[White "Gudmundsson, Gunnar Erik"]
[Black "Soucek, Jan"]
[Result "0-1"]
[ECO "D47"]
[WhiteElo "1746"]
[BlackElo "1577"]
[Annotator "NA RC"]
[PlyCount "92"]
[EventDate "2019.08.02"]
[EventType "swiss"]
[EventCountry "SVK"]
[SourceTitle "playchess.com"]
[Source "ChessBase"]
[SourceQuality "1"]
[TimeControl "40/5400+30:1800+30"]

1. d4 d5 2. c4 c6 3. Nc3 Nf6 4. Nf3 e6 5. e3 Nbd7 6. Bd3 dxc4 7. Bxc4 b5 8. Bd3 Bb7 9. O-O Be7 10. e4 b4 11. Na4 c5 12. Re1 cxd4 13. Nxd4 O-O 14. Bc2 Rc8 15. f3 Nc5 16. Be3 Qa5 17. Nxc5 Bxc5 18. Qe2 Qb6 19. Qf2 Rfd8 20. Rad1 a5 21. Ba4 Bxe4 22. Bc2 Bxc2 23. Nxc2 Bxe3 24. Nxe3 h6 25. Rc1 a4 26. Nc2 Qxf2+ 27. Kxf2 Rd2+ 28. Re2 Rxe2+ 29. Kxe2 b3 30. Kd3 Nd5 31. Kd2 bxc2 32. Rxc2 Rxc2+ 33. Kxc2 Nb4+ 34. Kb1 Kf8 35. a3 Nd5 36. Kc2 Ke7 37. Kd3 Kd6 38. Kc4 Kc6 39. Kd4 f6 40. g3 Kb5 41. f4 g6 42. h3 h5 43. h4 Kc6 44. Ke4 Kc5 45. Kd3 Ne7 46. Ke3 Kc4 0-1

[Event "EYCC Open-U12 2019"]
[Site "Bratislava"]
[Date "2019.08.10"]
[Round "9.49"]
[White "Leal Prado, David Elias"]
[Black "Skreko, Igor"]
[Result "0-1"]
[ECO "B53"]
[WhiteElo "1741"]
[BlackElo "1688"]
[Annotator "NA RC"]
[PlyCount "128"]
[EventDate "2019.08.02"]
[EventType "swiss"]
[EventCountry "SVK"]
[SourceTitle "playchess.com"]
[Source "ChessBase"]
[SourceQuality "1"]
[TimeControl "40/5400+30:1800+30"]

1. e4 c5 2. Nf3 d6 3. d4 cxd4 4. Qxd4 Nc6 5. Bb5 Bd7 6. Bxc6 Bxc6 7. Nc3 Nf6 8. Bg5 e6 9. O-O h6 10. Bh4 Be7 11. h3 Qc7 12. Rad1 a6 13. Rd2 Rd8 14. Bg3 e5 15. Qe3 O-O 16. Rfd1 b5 17. Nd5 Nxd5 18. exd5 Bb7 19. Bh4 f5 20. Bxe7 Qxe7 21. Qb3 Kh8 22. a4 bxa4 23. Qxa4 g5 24. Qb4 Rb8 25. Qa3 h5 26. Re1 Qf6 27. c4 g4 28. hxg4 hxg4 29. Nxe5 dxe5 30. c5 Rbd8 31. d6 Rf7 32. Qc3 e4 33. Qxf6+ Rxf6 34. Rc1 Bc6 35. Ra1 Bb5 36. Ra3 Kg7 37. f3 gxf3 38. gxf3 Kf7 39. Kf2 Re6 40. Rd5 Kf6 41. fxe4 Rxe4 42. Rh3 Re2+ 43. Kf3 Rxb2 44. Rh5 Be2+ 45. Ke3 Bxh5 46. c6 Rc2 47. c7 Rd7 48. Kd3 Rc6 49. Ke3 Ke6 50. Rd2 Rdxd6 51. Rh2 Bf7 52. Rh6+ Ke7 53. c8=N+ Rxc8 54. Rh7 Rc4 55. Ke2 Rc3 56. Rg7 Rh6 57. Kd2 Ra3 58. Kc2 Rh2+ 59. Kb1 Raa2 60. Rg1 f4 61. Re1+ Rhe2 62. Rc1 Bg6+ 63. Rc2 Raxc2 64. Ka1 Rc1# 0-1

[Event "EYCC Open-U12 2019"]
[Site "Bratislava"]
[Date "2019.08.10"]
[Round "9.50"]
[White "Ortiz Padro, Pol"]
[Black "Jetzl, Julian"]
[Result "0-1"]
[ECO "B23"]
[WhiteElo "1546"]
[BlackElo "1719"]
[Annotator "NA RC"]
[PlyCount "86"]
[EventDate "2019.08.02"]
[EventType "swiss"]
[EventCountry "SVK"]
[SourceTitle "playchess.com"]
[Source "ChessBase"]
[SourceQuality "1"]
[TimeControl "40/5400+30:1800+30"]

1. e4 c5 2. Nc3 e6 3. g3 a6 4. Bg2 b5 5. d3 Bb7 6. f4 d5 7. e5 h5 8. h3 Ne7 9. Nf3 Nf5 10. Ne2 Nd7 11. d4 Qb6 12. c3 cxd4 13. cxd4 Bb4+ 14. Kf1 Qd8 15. a3 Be7 16. Kg1 a5 17. b3 Ba6 18. Kh2 Nf8 19. h4 Nh6 20. Bh3 Ng4+ 21. Bxg4 hxg4 22. Nd2 Ng6 23. Kg2 Qb6 24. Bb2 b4 25. a4 Bd3 26. Nc1 Bf5 27. h5 Nf8 28. Qe2 Rc8 29. Ra2 Rc2 30. Kf1 Be4 31. Rh2 Qc7 32. Qb5+ Nd7 33. Nd3 Bxd3+ 34. Qxd3 Rxb2 35. Rxb2 Qc1+ 36. Ke2 Qxb2 37. Ke3 Qc3 38. Nf1 O-O 39. Rc2 Qxd3+ 40. Kxd3 f5 41. Ne3 Bd8 42. Rh2 Kf7 43. h6 Rh8 0-1

[Event "EYCC Open-U12 2019"]
[Site "Bratislava"]
[Date "2019.08.10"]
[Round "9.51"]
[White "Knudsen, Philip Uhre"]
[Black "Lavrencic, Matic"]
[Result "1-0"]
[ECO "B80"]
[WhiteElo "1590"]
[BlackElo "1564"]
[Annotator "NA RC"]
[PlyCount "61"]
[EventDate "2019.08.02"]
[EventType "swiss"]
[EventCountry "SVK"]
[SourceTitle "playchess.com"]
[Source "ChessBase"]
[SourceQuality "1"]
[TimeControl "40/5400+30:1800+30"]

1. e4 c5 2. Nf3 e6 3. d4 cxd4 4. Nxd4 Nf6 5. Nc3 d6 6. Bd3 a6 7. O-O b5 8. a4 b4 9. Na2 e5 10. Nb3 Nc6 11. Bd2 Rb8 12. Qe2 a5 13. Bb5 Bd7 14. c3 bxc3 15. Bxc3 Be7 16. Bxc6 Rxb3 17. Bxd7+ Nxd7 18. Qd2 Nc5 19. Bxa5 Qb8 20. Bb4 Nxe4 21. Qd5 Rxb4 22. Nxb4 Qxb4 23. Qc6+ Kd8 24. Qa8+ Kd7 25. Qxh8 g6 26. Qa8 Bh4 27. Rac1 Nc5 28. Qd5 Ke7 29. g3 Bg5 30. Rfd1 Qb6 31. a5 1-0